 Dungeon Crawl Stone Soup version 0.18.1-2-ga659475 (webtiles) character file.

1411 MrTails the Protected (level 8, -4/46 HPs)
             Began as a Gargoyle Berserker on May 7, 2016.
             Was a Believer of Trog.
             Slain by an iguana (7 damage)
             ... on level 5 of the Dungeon on May 9, 2016.
             The game lasted 00:11:45 (3601 turns).

MrTails the Protected (Gargoyle Berserker)          Turns: 3601, Time: 00:11:46

Health: -4/46      AC: 13    Str: 23    XL:     8   Next: 70%
Magic:  8/8        EV: 11    Int:  8    God:    Trog [**....]
Gold:   375        SH:  0    Dex: 11    Spells: 0 memorised, 7 levels left

rFire  . . .     SeeInvis .     a - +1 hand axe
rCold  . . .     Gourm    .     f - +1 ring mail
rNeg   + . .     Faith    .     (no shield)
rPois  ∞         Spirit   .     (no helmet)
rElec  +         Dismiss  .     (no cloak)
rCorr  .         Reflect  .     (no gloves)
SustAt .         Harm     .     (no boots)
MR     ++...                    (no amulet)
Stlth  +.........               h - ring of wizardry
                                i - +2 ring of dexterity

@: exhausted, regenerating, slowed, very slow, very resistant to hostile
enchantments, very unstealthy
A: negative energy resistance 1, electricity resistance, unbreathing,
petrification resistance, rot immunity, AC +5
a: Berserk, Trog's Hand, Burn Spellbooks, Renounce Religion


You were on level 5 of the Dungeon.
You worshipped Trog.
Trog was pleased with you.
You were very hungry.

You visited 1 branch of the dungeon, and saw 5 of its levels.
You also visited: Ossuary.

You collected 375 gold pieces.

Inventory:

Hand Weapons
 a - a +1 hand axe (weapon)
Armour
 b - a +0 animal skin
 f - a +1 ring mail (worn)
Jewellery
 h - a ring of wizardry (right hand)
 i - a +2 ring of dexterity (left hand)
 l - an uncursed amulet of rage
Wands
 q - a wand of digging (12/24)
Scrolls
 d - 7 scrolls of identify
 g - 2 scrolls of enchant armour
 j - a scroll of teleportation
Potions
 e - a potion of heal wounds {unknown}
 m - a potion of resistance
 r - 2 potions of curing
 s - a potion of degeneration {unknown}
Comestibles
 c - 3 bread rations
 k - 11 fruits
 n - a chunk of flesh
 o - 2 meat rations
 p - a beef jerky


   Skills:
 - Level 3.5 Fighting
 + Level 7.3 Axes
 + Level 8.1 Armour
 - Level 1.6 Dodging


You had 7 spell levels left.
You didn't know any spells.

Dungeon Overview and Level Annotations

Branches:
Dungeon (5/15)
 Temple: D:4-7

Altars:
Pakellas
Trog
Yredelemnul


Innate Abilities, Weirdness & Mutations

You are resistant to torment.
Your stone body is resilient (AC +5).
You are immune to poison.
You resist negative energy.
You are resistant to electric shocks.
You can survive without breathing.
You are immune to petrification.
You are immune to rotting.


Message History

Trog accepts your kill.
Your Armour skill increases to level 8!
You slash the iguana!
The iguana is heavily wounded.
The iguana barely misses you.
You hit the iguana but do no damage.
The iguana is heavily wounded.
You are no longer berserk.
You are exhausted.
You feel yourself slow down.
You are feeling very hungry.
You barely miss the iguana.
The iguana is heavily wounded.
The iguana bites you!
* * * LOW HITPOINT WARNING * * *
The iguana bites you but does no damage.
Your skin crawls.
You feel resistant to hostile enchantments.
You feel slightly more hungry. The iguana bites you!
You die...

.... .. ....
#.. ... ... ..
#.###.. ..
#.#... #. #.#..
#. #.#l#
##.##.#@#
###.†.#.†.#.#
#...≈<†.....#
....#....†.####
.#....##...#
#.#.. ...... #
## .....#..#
####.......
#.###...


You could see an iguana.

Vanquished Creatures
  The ghost of Kilrog the Shield-Bearer, a novice FoFi (D:5)
  Sigmund (D:3)
  2 sky beasts (D:5)
  An eye of draining (D:3)
  A big kobold (D:4)
  An elf zombie (Ossuary)
  A centaur zombie (Ossuary)
  A jelly (D:4)
  Crazy Yiuf (D:2)
  A hound (D:5)
  An orc wizard (D:3)
  Terence (D:2)
  Jessica (D:3)
  An iguana (D:4)
  3 worker ants
  4 big kobold zombies (Ossuary)
  2 mummies (Ossuary)
  4 gnolls (D:3)
  3 adders
  An ooze (D:3)
  An adder skeleton (D:4)
  2 worms (D:4)
  A dart slug (D:1)
  2 giant geckos
  4 orcs
  A ball python (D:1)
  A giant cockroach (D:1)
  3 gnoll zombies (Ossuary)
  3 goblins
  9 hobgoblins
  6 jackals
  10 kobolds
  A quokka (D:3)
  4 bats
  3 giant newts
  2 goblin zombies
  4 hobgoblin zombies (Ossuary)
  A jackal zombie (D:2)
  A quokka zombie (D:4)
  7 rats
98 creatures vanquished.

Notes
Turn   | Place    | Note
--------------------------------------------------------------
     0 | D:1      | MrTails the Gargoyle Berserker began the quest for the Orb.
     0 | D:1      | Reached XP level 1. HP: 14/14 MP: 1/1
     0 | D:1      | Upgraded the game from 0.18.1-1-g2f07953 to 0.18.1-2-ga659475
   188 | D:1      | Reached XP level 2. HP: 19/19 MP: 2/2
   807 | D:1      | Reached XP level 3. HP: 21/23 MP: 3/3
  1010 | D:2      | Noticed Terence
  1033 | D:2      | Killed Terence
  1033 | D:2      | Reached skill level 3 in Armour
  1229 | D:2      | Reached XP level 4. HP: 27/28 MP: 4/4
  1278 | D:2      | Reached ** piety under Trog
  1345 | D:2      | Found a runed door.
  1345 | D:2      | Noticed a human
  1351 | D:2      | Found a basalt altar of Yredelemnul.
  1528 | D:2      | Noticed Crazy Yiuf
  1543 | D:2      | Killed Crazy Yiuf
  1798 | D:3      | Reached XP level 5. HP: 32/32 MP: 5/5
  1897 | D:3      | Reached skill level 4 in Armour
  2132 | D:3      | Noticed Jessica
  2154 | D:3      | Killed Jessica
  2183 | D:3      | Noticed Sigmund
  2194 | D:3      | Killed Sigmund
  2194 | D:3      | Reached skill level 5 in Axes
  2194 | D:3      | Reached skill level 5 in Armour
  2194 | D:3      | Reached XP level 6. HP: 37/37 MP: 6/6
  2221 | D:3      | HP: 1/37 [gnoll/spear (2)]
  2529 | D:3      | Noticed an eye of draining
  2542 | D:3      | Killed an eye of draining
  2542 | D:3      | Reached XP level 7. HP: 41/41 MP: 2/7
  2543 | D:3      | Found a bloodstained altar of Trog.
  2722 | D:3      | Found a faded altar to an unknown god.
  2886 | D:4      | Reached skill level 6 in Armour
  3001 | D:4      | Found a sand-covered staircase.
  3010 | Ossuary  | Entered an ossuary
  3341 | D:4      | Reached XP level 8. HP: 16/46 MP: 8/8
  3499 | D:4      | Found an oddly glowing altar of Pakellas.
  3546 | D:5      | Entered Level 5 of the Dungeon
  3573 | D:5      | Reached skill level 7 in Armour
  3581 | D:5      | Noticed Kilrog's ghost (novice FoFi)
  3593 | D:5      | Killed Kilrog's ghost
  3597 | D:5      | Reached skill level 8 in Armour
  3600 | D:5      | HP: 1/46 [iguana (9)]
  3601 | D:5      | Slain by an iguana

Skill      XL: |  1  2  3  4  5  6  7  8 |
---------------+-------------------------+-----
Axes           | 3 4 5 6 7 |  7.3
Armour         | 3 5 6 8 |  8.1
Fighting       | |  3.5
Dodging        | |  1.6

Action                   |  1- 3 |  4- 6 |  7- 9 || total
-------------------------+-------+-------+-------++-------
Melee: Hand axe          |   113 |   137 |   180 ||   430
Invok: Berserk           |     1 |     4 |     4 ||     9
       Trog's Hand       |       |     2 |     2 ||     4
  Use: Scroll            |       |       |     7 ||     7
  Eat: Chunk             |     2 |     8 |     3 ||    13
       Royal jelly       |       |       |     1 ||     1
       Pizza             |       |       |     1 ||     1
       Beef jerky        |       |       |     1 ||     1
Armor: Animal skin       |     9 |       |       ||     9
       Ring mail         |    29 |    75 |   101 ||   205
Dodge: Dodged            |    68 |    87 |    79 ||   234
